 Dungeon Crawl Stone Soup version 0.26.1-2-gb8aa6d0cf2 (webtiles) character file.

Game seed: 8698385844379190802

8 Chiseanne the Magician (level 2, 18/21 HPs)
             Began as a Demonspawn Wanderer on Mar 3, 2021.
             Quit the game on level 1 of the Dungeon.
             The game lasted 00:00:35 (200 turns).

Chiseanne the Magician (Demonspawn Wanderer)         Turns: 200, Time: 00:00:36

Health: 18/21      AC:  3    Str: 11    XL:     2   Next: 0%
Magic:  5/5        EV: 11    Int: 14    God:
Gold:   44         SH:  0    Dex: 12    Spells: 4/5 levels left

rFire    . . .     SeeInvis .   e - +2 short sword (drain)
rCold    . . .     Faith    .   (no shield)
rNeg     . . .     Spirit   .   a - +0 leather armour
rPois    .         Reflect  .   (no helmet)
rElec    .         Harm     .   (no cloak)
rCorr    .         Rampage  .   (no gloves)
Will     .....                  (no boots)
Stlth    +.........             (no amulet)
HPRegen  0.07/turn              (no ring)
MPRegen  0.09/turn              (no ring)

@: no status effects
A: claws 1
a: no special abilities


You were on level 1 of the Dungeon.
You visited 1 branch of the dungeon, and saw 1 of its levels.

You collected 44 gold pieces.

Inventory:

Hand Weapons
 e - a +2 short sword of draining (weapon)
Missiles
 f - 18 arrows
 g - 19 stones
Armour
 a - a +0 leather armour (worn)
Wands
 c - a wand of random effects (15)
Potions
 b - a potion of curing
 d - a potion of cancellation {unknown}


   Skills:
 * Level 1.3 Fighting
 - Level 1.7 Long Blades
 - Level 1.0 Throwing
 * Level 0.6 Armour
 * Level 0.6 Dodging
 - Level 2.0 Spellcasting
 - Level 1.0 Hexes
 - Level 1.7 Air Magic
 - Level 1.0 Evocations


You had 4 spell levels left.
You knew the following spells:

 Your Spells              Type           Power        Failure   Level
a - Magic Dart            Conj           4%           30%         1

Your spell library contained the following spells:

 Spells                   Type           Power        Failure   Level
 Slow                     Hex            4%           30%         2
 Blink                    Tloc           N/A          43%         2
 Call Imp                 Summ           1%           43%         2
 Mephitic Cloud           Conj/Pois/Air  3%           58%         3
 Conjure Flame            Conj/Fire      1%           67%         3


Dungeon Overview and Level Annotations

Branches:
Dungeon (1/15)

Altars:


Innate Abilities, Weirdness & Mutations

You have sharp fingernails.


Message History

No target in view!
No target in view!
No target in view!
No target in view!
No target in view!
No target in view!
No target in view!
No target in view!
You now have 44 gold pieces (gained 17).
A leopard gecko comes into view.
The leopard gecko hisses angrily.
You closely miss the leopard gecko. The leopard gecko closely misses you.
The leopard gecko bites you.
You hit the leopard gecko.
You kill the leopard gecko!
You have reached level 2!
Your demonic ancestry asserts itself...
Your fingernails lengthen.
Found a scroll labelled LIUXUIRUAT.
Are you sure you want to abandon this character and quit the game? (Confirm with "yes".)

... ........................
#....####..............P..).....
......................P≈P.....##
#.##.###.............P≈≈≈P....#
#................P≈≈≈≈≈P...#
#####...........P≈≈≈≈≈≈≈P..#
#..........P≈≈≈≈≈≈≈≈≈P.#
#..........###########.#
##......@...# #####.##
#..........#### #.......
##..).........# #.......
#######.####.###....... ###
#........... #####.......
#....... #######
############....... ##...#######
#..................


There were no monsters in sight!

Vanquished Creatures
  2 leopard geckos (D:1)
  2 bats (D:1)
  2 rats (D:1)
6 creatures vanquished.

Notes
Turn   | Place    | Note
-------+----------+-------------------------------------------
     0 | D:1      | Chiseanne the Demonspawn Wanderer began the quest for the
                  | Orb.
     0 | D:1      | Chiseanne set off with the following items: a +0 dagger, a
                  | potion of curing, a wand of random effects (15), a +0 robe;
                  | and the following spell memorised: Magic Dart; and the
                  | following spells available to memorise: Slow, Blink, Call
                  | Imp, Mephitic Cloud, Conjure Flame
     0 | D:1      | Reached XP level 1. HP: 15/15 MP: 3/3
   192 | D:1      | Gained mutation: You have sharp fingernails. [demonic
                  | ancestry]
   192 | D:1      | Reached XP level 2. HP: 17/21 MP: 5/5
   200 | D:1      | Quit the game

Illustrated notes

Levels and vault maps discovered:
D:1:      eino_arrival_druids_welcome, layout_rooms, hangedman_glass_teeth

Action                   || total
-------------------------++-------
Melee: Short sword       ||    10
Armor: Leather armour    ||     5
Dodge: Dodged            ||     2
